AoeStats
← Red Calypso

African Clearing

506948392Analyzed
4v4 RM · 17d ago on Sep 15, 2026· 42m 39s· 8 players
Game mode
Random Map
Map size
Large (8 player)
Population
200
Speed
Normal
Resources
Standard
Victory
Conquest
Starting age
Dark Age
Ending age
Imperial Age
RankedLock teamsTeams togetherTeam positionsShared explorationLock speedFull tech treeHidden civsTurbo modeCheats
Victory
Defeat
🇦🇷 Persians · Argentina
1443
+14
🇦🇷 Wei · Argentina
1382
+16
🇵🇪 Muisca · Peru
1364
+17
🇦🇷 Magyars · Argentina
1330
+19
🇦🇹 Huns · Austria
1481
-19
🇩🇪 Koreans · Germany
1421
-18
🇩🇪 Mongols · Germany
1401
-17
🇮🇹 Vietnamese · Italy
1266
-12
PIPO GOROSITO
4:45 Loom
12:30 Feudal Age
23:02 Scale Barding Armor
24:59 Castle Age
27:19 Light Cavalry
28:33 Bloodlines
28:50 Chain Barding Armor
33:31 Town Watch
34:31 Wheelbarrow
gg_noteam
4:36 Loom
5:18 Loom
13:18 Feudal Age
14:10 Champi Runner
18:58 Town Watch
23:01 Castle Age
21:15 Fletching
21:26 Padded Archer Armor
21:25 Stone Mining
21:21 Double-Bit Axe
23:07 Horse Collar
23:21 Gold Mining
24:47 Bodkin Arrow
25:07 Leather Archer Armor
35:58 Ballistics
40:06 Wheelbarrow
43:21 Imperial Age
Speaker
3:40 Loom
13:33 Feudal Age
20:40 Castle Age
22:31 Double-Bit Axe
35:58 Horse Collar
38:33 Bloodlines
40:59 Scale Barding Armor
41:57 Husbandry
42:34 Gold Mining
Leandro Pared10s
7:53 Loom
12:57 Feudal Age
14:18 Double-Bit Axe
16:46 Castle Age
16:17 Gold Mining
16:33 Scale Barding Armor
16:39 Forging
18:11 Chain Barding Armor
20:01 Town Watch
21:19 Bloodlines
22:45 Bow Saw
24:03 Wheelbarrow
23:21 Horse Collar
29:15 Iron Casting
30:38 Husbandry
31:41 Heavy Plow
32:46 Hand Cart
32:45 Stone Mining
33:32 Gold Shaft Mining
37:03 Imperial Age
36:56 Cavalier
38:12 Plate Barding Armor
38:38 Blast Furnace
38:54 Two-Man Saw
38:18 Conscription
38:07 Fletching
38:39 Ballistics
38:59 Savar
41:17 Crop Rotation
42:16 Chemistry
41:12 Bodkin Arrow
41:28 Masonry
42:33 Murder Holes
Red Calypso
4:27 Loom
13:14 Feudal Age
17:16 Castle Age
15:05 Double-Bit Axe
16:36 Scale Barding Armor
16:41 Forging
20:15 Bloodlines
26:34 Husbandry
36:22 Horse Collar
41:35 Bow Saw
Aremenius
9:23 Loom
12:56 Feudal Age
14:01 Double-Bit Axe
16:34 Castle Age
14:41 Gold Mining
30:26 Wheelbarrow
30:24 Fletching
33:27 Padded Archer Armor
34:19 Bodkin Arrow
35:11 Husbandry
35:24 Bloodlines
41:54 Imperial Age
41:14 Ballistics
LukasPlanet
3:39 Loom
13:37 Feudal Age
15:11 Double-Bit Axe
16:44 Gold Mining
17:26 Fletching
19:36 Wheelbarrow
24:23 Castle Age
22:30 Gold Mining
25:36 Bodkin Arrow
29:19 Crossbowman
38:31 Town Watch
40:57 Horse Collar
Dagoth_Ur
4:44 Loom
14:12 Feudal Age
19:35 Castle Age
19:14 Forging
21:10 Scale Mail Armor
30:14 Double-Bit Axe
30:12 Horse Collar
31:58 Wheelbarrow
34:37 Pikeman
36:52 Hand Cart
36:35 Fletching
36:57 Gold Mining
38:22 Stone Mining
39:24 Chain Mail Armor
39:33 Squires
41:53 Iron Casting
Connection lost

Rejoining the realm…

Still unreachable

The connection could not be restored.

Session expired

The server has moved on; the page needs a fresh start.